 Dungeon Crawl Stone Soup version 0.23.2 (webtiles) character file.

Game seed: 4864517728343395794

74 Kaosu the Chopper (level 4, -3/35 HPs)
             Began as a Human Berserker on Apr 13, 2019.
             Was a Believer of Trog.
             Slain by Natasha (7 damage)
             ... on level 2 of the Dungeon.
             The game lasted 00:16:57 (1254 turns).

Kaosu the Chopper (Human Berserker)                 Turns: 1254, Time: 00:16:58

Health: -3/35      AC:  6    Str: 19    XL:     4   Next: 54%
Magic:  4/4        EV: 10    Int:  7    God:    Trog [**....]
Gold:   152        SH:  0    Dex: 12    Spells: 3/3 levels left

rFire    . . .     SeeInvis .   a - +0 hand axe
rCold    . . .     Gourm    .   (no shield)
rNeg     . . .     Faith    .   h - +0 scale mail
rPois    .         Spirit   .   (no helmet)
rElec    .         Reflect  .   (no cloak)
rCorr    .         Harm     .   (no gloves)
MR       .....                  (no boots)
Stlth    ..........             (no amulet)
HPRegen  0.11/turn              (no ring)
MPRegen  0.09/turn              (no ring)

@: berserk cooldown, slowed, very slow
A: no striking features
a: Berserk, Trog's Hand, Renounce Religion


You were on level 2 of the Dungeon.
You worshipped Trog.
Trog was pleased with you.
You were hungry.

You visited 1 branch of the dungeon, and saw 2 of its levels.

You collected 152 gold pieces.

Inventory:

Hand Weapons
 a - a +0 hand axe (weapon)
Missiles
 d - 24 stones (quivered)
Armour
 b - a +0 animal skin
 h - a +0 scale mail (worn)
Jewellery
 e - an uncursed amulet of the gourmand
Scrolls
 g - 3 scrolls of identify {unknown}
 j - a scroll of blinking {unknown}
 l - a scroll of remove curse {unknown}
 m - a scroll of immolation {unknown}
 n - a scroll of enchant armour {unknown}
 o - a scroll of amnesia {unknown}
 q - a scroll of magic mapping {unknown}
Potions
 f - 2 potions of brilliance {unknown}
 i - a potion of agility {unknown}
 k - a potion of haste {unknown}
 p - 2 potions of lignification {unknown}
 r - 2 potions of curing {unknown}
 s - a potion of flight {unknown}
Comestibles
 c - 2 rations


   Skills:
 + Level 3.4 Fighting
 * Level 3.9 Axes
 + Level 2.6 Armour
 + Level 2.6 Dodging


You had 3 spell levels left.
You didn't know any spells.
Your spell library was empty.

Dungeon Overview and Level Annotations

Branches:
Dungeon (2/15)

Altars:

Annotations:
D:2 Natasha


Message History

* * * LOW HITPOINT WARNING * * *
Unknown command.
You hit Natasha but do no damage.
Natasha is heavily wounded.
You hit the crimson imp.
The crimson imp blinks!
Natasha claws you but does no damage.
You closely miss Natasha.
Natasha is heavily wounded.
Natasha wildly gestures.
You feel troubled. Natasha barely misses you. Natasha closely misses you.
You hit Natasha but do no damage.
Natasha is heavily wounded.
The crimson imp disappears in a puff of smoke!
Natasha closely misses you. Natasha claws you.
* * * LOW HITPOINT WARNING * * *
You hit Natasha but do no damage.
Natasha is heavily wounded.
You miss the crimson imp. Natasha claws you!
You die...

+..# +..# +..# #..# #..#
##..# #######...#
.#############.......#.#
.......5@h§....#.#####.#
##########.....#..# #.#
#.....##.# #.#
#5(...##.## #.#
#:....##..# #.##
#####.....###.###...
...............##...
.............#.##...
.............#..#...


You could see Natasha and a crimson imp.

Vanquished Creatures
  3 adders (D:2)
  A worm (D:2)
  A dart slug (D:1)
  2 leopard geckos (D:1)
  3 bats
  5 giant cockroaches
  7 goblins
  4 hobgoblins (D:1)
  5 kobolds
  2 frilled lizards
  5 rats (D:1)
38 creatures vanquished.

Vanquished Creatures (others)
  6 toadstools (D:2)
6 creatures vanquished.

Grand Total: 44 creatures vanquished

Notes
Turn   | Place    | Note
-------+----------+-------------------------------------------
     0 | D:1      | Kaosu the Human Berserker began the quest for the Orb.
     0 | D:1      | Reached XP level 1. HP: 18/18 MP: 1/1
    78 | D:1      | Reached XP level 2. HP: 18/24 MP: 2/2
   459 | D:1      | Reached XP level 3. HP: 29/29 MP: 3/3
   849 | D:2      | Reached ** piety under Trog
   857 | D:2      | Reached XP level 4. HP: 27/35 MP: 4/4
  1215 | D:2      | Noticed Natasha
  1254 | D:2      | Slain by Natasha

Action                   |  1- 3 |  4- 6 || total
-------------------------+-------+-------++-------
Melee: Hand axe          |    91 |    44 ||   135
Invok: Berserk           |     1 |     2 ||     3
 Stab: Sleeping          |     1 |       ||     1
  Eat: Chunk             |     1 |     2 ||     3
Armor: Animal skin       |    11 |       ||    11
       Scale mail        |    19 |    24 ||    43
Dodge: Dodged            |    49 |    25 ||    74
